 Dungeon Crawl Stone Soup version 0.27.1-33-g824d729ab1 (webtiles) character file.

Game seed: 8269071127832176091

37 lordive the Chucker (level 3, -2/37 HPs)
             Began as an Ogre Hunter on Dec 26, 2021.
             Slain by a goblin (3 damage)
             ... on level 2 of the Dungeon.
             The game lasted 00:01:42 (1795 turns).

lordive the Chucker (Ogre Hunter)                   Turns: 1795, Time: 00:01:43

Health: -2/37      AC:  3    Str: 17    XL:     3   Next: 39%
Magic:  3/3        EV: 10    Int: 12    God:
Gold:   30         SH:  0    Dex:  9    Spells: 2/2 levels left

rFire    . . .     SeeInvis .   i - +0 club
rCold    . . .     Faith    .   (no shield)
rNeg     . . .     Spirit   .   b - +0 robe
rPois    .         Reflect  .   (helmet restricted)
rElec    .         Harm     .   (no cloak)
rCorr    .         Rampage  .   (gloves unavailable)
Will     .....                  (boots unavailable)
Stlth    +.........             (no amulet)
HPRegen  0.12/turn              (no ring)
MPRegen  0.08/turn              (no ring)

@: no status effects
A: large, unfitting armour, tough skin 1
a: no special abilities


You were on level 2 of the Dungeon.
You visited 1 branch of the dungeon, and saw 2 of its levels.

You collected 30 gold pieces.

Inventory:

Hand Weapons
 i - a +0 club (weapon)
Missiles
 c - 3 large rocks (quivered)
 d - 2 throwing nets
Armour
 b - a +0 robe (worn)
Scrolls
 e - 3 scrolls of identify {unknown}
 g - a scroll of teleportation {unknown}
Potions
 a - a potion of curing {unknown}
 f - a potion of magic {unknown}
 h - a potion of flight {unknown}
 j - a potion of lignification {unknown}


   Skills:
 * Level 3.0 Fighting
 + Level 0.3 Maces & Flails
 * Level 4.5 Throwing
 * Level 0.6 Armour
 * Level 2.2 Dodging
 - Level 0.6 Stealth


You had 2 spell levels left.
You didn't know any spells.
Your spell library was empty.

Dungeon Overview and Level Annotations

Branches:
Dungeon (2/15)

Altars:


Innate Abilities, Weirdness & Mutations

You are too large for most types of armour.
You have tough skin. (AC +1)


Message History

The worm is severely wounded.
The goblin closely misses you. The goblin hits you with a +0 dagger.
A hobgoblin comes into view.
The worm bites you.
You hit the worm but do no damage.
The worm is severely wounded.
The goblin hits you with a +0 dagger.
You hit the worm but do no damage.
The worm is severely wounded.
The goblin hits you with a +0 dagger. The worm bites you.
* * * LOW HITPOINT WARNING * * *
You hit the worm but do no damage.
The worm is severely wounded.
The goblin hits you with a +0 dagger.
* * * LOW HITPOINT WARNING * * *
The worm completely misses you. The goblin hits you with a +0 dagger.
* * * LOW HITPOINT WARNING * * *
You closely miss the goblin. The goblin hits you but does no damage.
You barely miss the goblin. The goblin hits you but does no damage.
You closely miss the goblin. The goblin barely misses you.
Throw: 5 large rocks
Press: ? - help, Q - select action, (/) - cycle Shift-Dir - straight line, f - goblin
Aim: a goblin, wielding a +0 dagger (50% to hit)
You throw a large rock.
The large rock completely misses the goblin.
The large rock hits the worm!
You kill the worm!
The goblin hits you with a +0 dagger.
* * * LOW HITPOINT WARNING * * *
The goblin barely misses you.
Your Fighting skill increases to level 3!
Throw: 4 large rocks
Press: ? - help, Q - select action, (/) - cycle Shift-Dir - straight line, f/p - goblin
Aim: a goblin, wielding a +0 dagger (50% to hit)
You throw a large rock.
The large rock barely misses the goblin.
The large rock hits the hobgoblin!!
You kill the hobgoblin!
The goblin closely misses you. The goblin hits you with a +0 dagger.
You die...

### ## #.. .. #.#
##.# ##.####...#
#...@g(<#
#..####...#
#####..####...#
#...............
#.#.##.###>#......
#.#.##.# #.....
#.#.##.# .....
#.#.##.. .....
#.#.####


You could see a goblin.

Vanquished Creatures
  An adder (D:2)
  A worm (D:2)
  3 bats (D:1)
  3 endoplasms (D:2)
  3 goblins
  2 hobgoblins (D:2)
  3 jackals (D:1)
  A quokka (D:1)
  2 ball pythons (D:2)
  A frilled lizard (D:1)
  A kobold (D:1)
  5 rats (D:1)
26 creatures vanquished.

Notes
Turn   | Place    | Note
-------+----------+-------------------------------------------
     0 | D:1      | lordive the Ogre Hunter began the quest for the Orb.
     0 | D:1      | Reached XP level 1. HP: 22/22 MP: 1/1
   184 | D:1      | Reached XP level 2. HP: 14/29 MP: 2/2
  1082 | D:1      | Found a faded altar of an unknown god.
  1329 | D:2      | Reached XP level 3. HP: 13/36 MP: 3/3
  1794 | D:2      | HP: 1/36 [goblin (2)]
  1795 | D:2      | Slain by a goblin

Illustrated notes

Levels and vault maps discovered:
D:1:      minmay_arrival_doors, layout_basic,
          hellmonk_ecumenical_altar_pennies_from_heaven, minivault_26
D:2:      layout_loops_ring, nrook_campfire

Skill      XL: |  1  2  3 |
---------------+----------+-----
Dodging        | 2 |  2.2
Fighting       | 3 |  3.0
Maces & Flails | |  0.3
Throwing       | |  4.5
Armour         | |  0.6
Stealth        | |  0.6

Action                   || total
-------------------------++-------
Melee: Short sword       ||    42
       Club              ||   107
Throw: Large rock        ||     2
Armor: Robe              ||    60
Dodge: Dodged            ||    85
